 Dungeon Crawl Stone Soup version 0.29-a0-303-ge4682ce883 (webtiles) character file.

Game seed: 4232107730839937021

17012 Aksej the Fighter (level 12, -7/97 HPs)
             Began as a Demonspawn Gladiator on Mar 25, 2022.
             Was a Priest of Wu Jian.
             Mangled by a skeletal warrior
             ... wielding a +0 halberd
             ... led by a skeletal warrior
              (25 damage)
             ... on level 12 of the Dungeon.
             The game lasted 00:31:45 (17865 turns).

Aksej the Fighter (Demonspawn Gladiator)           Turns: 17865, Time: 00:31:46

Health: -7/97      AC: 10    Str: 17    XL:     12   Next: 15%
Magic:  0/12       EV: 19    Int: 12    God:    Wu Jian [***...]
Gold:   607        SH: 15    Dex: 21    Spells: 9/11 levels left

rFire   . . .      SeeInvis +   a - +2 whip (elec)
rCold   . . .      Faith    .   v - +3 kite shield {reflect}
rNeg    + + .      Spirit   +   p - +3 leather armour of Biang {Rampage rElec rN+ Int-4}
rPois   .          Reflect  +   t - +0 helmet of Fortification {Dex+4 SInv}
rElec   +          Harm     .   r - scarf {shadows}
rCorr   .          Rampage  +   j - +0 pair of gloves
Will    .....                   k - +0 pair of boots
Stlth   +++.......              C - amulet of guardian spirit
HPRegen 0.26/turn               w - +6 ring of intelligence
MPRegen 0.13/turn               y - ring of positive energy

@: no status effects
A: hooves 2, repulsion field 2, foul stench 1
a: Renounce Religion, Wall Jump, Serpent's Lash


You were on level 12 of the Dungeon.
You worshipped Wu Jian.
Wu Jian was most pleased with you.
You visited 2 branches of the dungeon, and saw 13 of its levels.
You also visited: Sewer.

You collected 607 gold pieces.

Inventory:

Hand Weapons
 a - a +2 whip of electrocution (weapon)
Missiles
 e - a javelin
 z - 5 silver boomerangs (quivered)
Armour
 j - a +0 pair of gloves (worn)
 k - a +0 pair of boots (worn)
 p - the +3 leather armour of Biang (worn) {Rampage rElec rN+ Int-4}
   (You found it on level 4 of the Dungeon)

   Int:       It affects your intelligence (-4).
   rElec:     It insulates you from electricity.
   rN:        It protects you from negative energy.
   Rampage:   It bestows one free step when moving towards enemies.
 r - a scarf of shadows (worn)
 t - the +0 helmet of Fortification (worn) {Dex+4 SInv}
   (You acquired it on level 4 of the Dungeon)

   Dex:       It affects your dexterity (+4).
   SInv:      It lets you see invisible.
 v - a +3 kite shield of reflection (worn)
Jewellery
 c - a ring of flight
 d - an amulet of reflection
 w - a +6 ring of intelligence (left hand)
 y - a ring of positive energy (right hand)
 C - an amulet of guardian spirit (around neck)
Wands
 b - a wand of digging (8)
 A - a wand of flame (42)
 B - a wand of acid (10)
 E - a wand of paralysis (10)
 F - a wand of iceblast (9)
Scrolls
 h - a scroll of immolation
 i - 6 scrolls of teleportation
 m - a scroll of amnesia
 n - a scroll of fear
 x - 4 scrolls of blinking
 G - a scroll of fog
 I - a scroll of silence
Potions
 f - a potion of cancellation
 g - a potion of magic
 l - 3 potions of resistance
 o - 2 potions of mutation
 q - 9 potions of flight
 u - a potion of brilliance
 D - 3 potions of attraction


   Skills:
 * Level 9.8 Fighting
 + Level 9.8 Maces & Flails
 + Level 3.2 Throwing
 + Level 4.5 Armour
 + Level 8.7 Dodging
 + Level 4.4 Stealth
 + Level 7.9 Shields


You had 9 spell levels left.
You knew the following spells:

 Your Spells              Type           Power      Damage    Failure   Level
a - Blink                 Tloc           0%         N/A       83%         2

Your spell library contained the following spells:

 Spells                   Type           Power      Damage    Failure   Level
 Magic Dart               Conj           0%         1d3       69%         1
 Call Imp                 Summ           0%         N/A       83%         2
 Confusing Touch          Hex            0%         N/A       96%         3
 Inner Flame              Hex/Fire       0%         N/A       96%         3
 Mephitic Cloud           Conj/Pois/Air  0%         N/A       96%         3
 Cause Fear               Hex            0%         N/A       100%        4
 Manifold Assault         Tloc           0%         N/A       100%        5
 Yara's Violent Unravell  Hex/Tmut       0%         3d3       100%        5
 Dispersal                Tloc           0%         N/A       100%        6
 Enfeeble                 Hex            0%         N/A       100%        7
 Storm Form               Tmut/Air       0%         N/A       100%        7
 Discord                  Hex            0%         N/A       100%        8
 Disjunction              Tloc           0%         N/A       100%        8


Dungeon Overview and Level Annotations

Branches:
Dungeon (12/15)            Temple (1/1) D:5            Lair (0/6) D:11
  Sewer (visited)
    Orc: D:9-12

Altars:
Ashenzari
Cheibriados
Dithmenos
Elyvilon
Fedhas
Gozag
Hepliaklqana
Kikubaaqudgha
Makhleb
Nemelex Xobeh
Okawaru
Qazlal
Ru
Sif Muna
Trog
Uskayaw
Vehumet
Wu Jian
Xom
Yredelemnul
Zin
The Shining One

Shops:
D:9 =


Innate Abilities, Weirdness & Mutations

You have hoof-like feet.
You are surrounded by a moderate repulsion field. (EV +3)
You may rarely emit foul miasma when damaged in melee.


Message History

You block the skeletal warrior's attack.
You hit the skeletal warrior but do no damage.
You hit the skeletal warrior but do no damage.
Lightning courses through the skeletal warrior!
The skeletal warrior is moderately damaged.
The skeletal warrior hits you with a +0 halberd!
You block the skeletal warrior's attack.
You hit the skeletal warrior.
Lightning courses through the skeletal warrior!
The skeletal warrior is heavily damaged.
The skeletal warrior closely misses you.
The skeletal warrior misses you.
You closely miss the skeletal warrior.
The skeletal warrior is heavily damaged.
You hit the skeletal warrior.
Lightning courses through the skeletal warrior!
The skeletal warrior is severely damaged.
The skeletal warrior hits you with a +0 trident!
* * * LOW HITPOINT WARNING * * *
You block the skeletal warrior's attack.
You closely miss the skeletal warrior.
The skeletal warrior is severely damaged.
You block the skeletal warrior's attack. x2
You barely miss the skeletal warrior.
The skeletal warrior is severely damaged.
The skeletal warrior hits you with a +0 halberd.
* * * LOW HITPOINT WARNING * * *
You block the skeletal warrior's attack.
You completely miss the skeletal warrior.
The skeletal warrior is severely damaged.
You whack the skeletal warrior!
The skeletal warrior is almost destroyed.
The skeletal warrior misses you. x2
You whack the skeletal warrior!
The skeletal warrior is almost destroyed.
You block the skeletal warrior's attack. x2
You hit the skeletal warrior but do no damage.
The skeletal warrior is almost destroyed.
The skeletal warrior hits you with a +0 halberd!!
You die...

#....).......
#...........<
#............
#............
##............
.....z.)......
#..z@.รท.....
...#.....#....
####### ##


You could see 2 skeletal warriors.

Vanquished Creatures
  2 boulder beetles (D:11)
  2 hydras
  A centaur warrior (D:8)
  3 two-headed ogres (D:11)
  A skeletal warrior (D:12)
  Pikel (D:7)
  4 kobold demonologists (D:10)
  6 trolls
  A hornet (D:10)
  2 dream sheep (D:9)
  A wyvern (D:9)
  Eustachio (D:5)
  11 yaks
  A steam dragon (D:7)
  Grum (D:8)
  An acid dragon (D:10)
  7 water moccasins
  2 black bears
  An ice beast (D:6)
  2 orc warriors
  A sky beast (D:7)
  3 centaurs
  3 ogres
  3 wolves (D:8)
  A phantom (D:5)
  6 kobold brigands (D:10)
  8 bullfrogs
  Blork the orc (D:4)
  4 necrophages
  2 gnoll sergeants
  2 scorpions
  21 wights
  9 killer bees
  A howler monkey (D:7)
  5 hounds
  2 gnoll shamans
  4 orc priests (D:8)
  An iguana (D:5)
  Ijyb (D:4)
  Terence (D:2)
  9 orc wizards
  A hound skeleton (D:7)
  20 gnolls
  14 adders
  5 river rats
  A shadow imp (D:5)
  2 ufetubi
  2 worms
  3 dart slugs
  31 orcs
  13 bats
  10 endoplasms
  4 giant cockroaches
  4 goblins
  7 hobgoblins
  8 jackals
  5 quokkas
  17 ball pythons
  7 frilled lizards
  14 kobolds
  7 rats
314 creatures vanquished.

Vanquished Creatures (others)
  A kobold (D:10)
  53 fungi (D:11)
  53 plants (D:11)
107 creatures vanquished.

Grand Total: 421 creatures vanquished

Notes
Turn   | Place    | Note
-------+----------+-------------------------------------------
     0 | D:1      | Aksej the Demonspawn Gladiator began the quest for the Orb.
     0 | D:1      | Reached XP level 1. HP: 16/16 MP: 1/1
   316 | D:1      | Found a faded altar of an unknown god.
   326 | D:1      | Gained mutation: You have large cloven feet. [demonic
                  | ancestry]
   326 | D:1      | Reached XP level 2. HP: 19/22 MP: 2/2
  1032 | D:1      | Reached XP level 3. HP: 18/28 MP: 3/3
  1285 | D:1      | Reached skill level 1 in Armour
  1900 | D:2      | Found a snail-covered altar of Cheibriados.
  1901 | D:2      | Noticed Terence
  1909 | D:2      | Killed Terence
  1910 | D:2      | Reached XP level 4. HP: 34/34 MP: 4/4
  2602 | D:3      | Found a bloodstained altar of Trog.
  2936 | D:3      | Found a glowing drain.
  2943 | D:3      | Reached XP level 5. HP: 34/41 MP: 5/5
  2953 | Sewer    | Entered a sewer
  3951 | Sewer    | Gained mutation: You are surrounded by a mild repulsion
                  | field. (EV +2) [demonic ancestry]
  3951 | Sewer    | Reached XP level 6. HP: 15/47 MP: 6/6
  4720 | D:4      | Reached skill level 1 in Stealth
  5156 | D:4      | Identified the +3 leather armour of Biang {Rampage rElec
                  | rN+ Int-4}
  5298 | D:4      | Noticed Blork the orc
  5306 | D:4      | Killed Blork the orc
  5307 | D:4      | Gained mutation: You are surrounded by a moderate repulsion
                  | field. (EV +3) [demonic ancestry]
  5307 | D:4      | Reached XP level 7. HP: 37/54 MP: 7/7
  5576 | D:4      | Noticed Ijyb
  5602 | D:4      | Killed Ijyb
  5647 | D:4      | Reached skill level 5 in Maces & Flails
  6272 | D:4      | Identified a scroll of acquirement
  6272 | D:4      | Acquired the +0 helmet of Fortification {Dex+4 SInv}
  6342 | D:5      | Entered Level 5 of the Dungeon
  6742 | D:5      | Noticed Eustachio
  6756 | D:5      | Killed Eustachio
  6757 | D:5      | Reached skill level 5 in Fighting
  6757 | D:5      | Reached XP level 8. HP: 61/62 MP: 8/8
  6879 | D:5      | Found a staircase to the Ecumenical Temple.
  6928 | Temple   | Entered the Ecumenical Temple
  7022 | Temple   | Became a worshipper of the Wu Jian Council
  7557 | D:5      | Found an iron altar of Okawaru.
  7566 | D:5      | Reached skill level 1 in Shields
  8357 | D:6      | Reached skill level 5 in Dodging
  8665 | D:6      | Found a hide-covered altar of Uskayaw.
  8719 | D:6      | Reached XP level 9. HP: 41/69 MP: 9/9
  8732 | D:6      | Reached * piety under Wu Jian
  9074 | D:6      | Learned a level 2 spell: Blink
  9413 | D:6      | Identified the +6 hand axe of Gloom {pain, Str+6 Int-5}
 10343 | D:7      | Found a burning altar of Makhleb.
 10672 | D:7      | Found a snail-covered altar of Cheibriados.
 10739 | D:7      | Reached ** piety under Wu Jian
 10855 | D:7      | Noticed Pikel
 10866 | D:7      | Killed Pikel
 10867 | D:7      | Gained mutation: You have hoof-like feet. [demonic
                  | ancestry]
 10867 | D:7      | Reached XP level 10. HP: 79/79 MP: 10/10
 11808 | D:8      | Noticed a centaur warrior
 11828 | D:8      | Killed a centaur warrior
 11829 | D:8      | Reached skill level 5 in Shields
 11940 | D:8      | Noticed Grum
 11976 | D:8      | Killed Grum
 12652 | D:9      | Noticed a six-headed hydra
 12661 | D:9      | Killed a six-headed hydra
 13006 | D:9      | Reached *** piety under Wu Jian
 13031 | D:9      | Reached XP level 11. HP: 10/86 MP: 11/11
 13613 | D:9      | Found Rarare's Jewellery Shoppe.
 14286 | D:10     | Entered Level 10 of the Dungeon
 15911 | D:11     | Noticed a boulder beetle
 15935 | D:11     | Killed a boulder beetle
 15936 | D:11     | Noticed a four-headed hydra
 15944 | D:11     | Killed a four-headed hydra
 16196 | D:11     | Noticed a two-headed ogre
 16211 | D:11     | Killed a two-headed ogre
 16261 | D:11     | Noticed a boulder beetle
 16309 | D:11     | Killed a boulder beetle
 16674 | D:11     | Noticed a two-headed ogre
 16706 | D:11     | Killed a two-headed ogre
 16713 | D:11     | Gained mutation: You may rarely emit foul miasma when
                  | damaged in melee. [demonic ancestry]
 16713 | D:11     | Reached XP level 12. HP: 48/96 MP: 7/12
 16737 | D:11     | Noticed a two-headed ogre
 16750 | D:11     | Killed a two-headed ogre
 16928 | D:11     | Found a staircase to the Lair.
 16928 | D:11     | Reached **** piety under Wu Jian
 17865 | D:12     | Mangled by a skeletal warrior

Illustrated notes

Levels and vault maps discovered:
D:1:      lightli_arrival_flooded_house, layout_basic,
          dreamdust_ecumenical_altar_angels_and_demons
D:2:      layout_rooms, basic_altar, uniq_terence
D:3:      layout_loops_corners, mainiacjoe_overflow_small_starburst,
          portal_sewer_entry_b
D:4:      layout_basic, uniq_blork_the_orc, uniq_ijyb
D:5:      layout_basic, mainiacjoe_overflow_two_lobes, temple_pool_b,
          uniq_eustachio
D:6:      layout_basic, mainiacjoe_overflow_24_doors
D:7:      layout_basic, lemuel_round_altar, makhleb_blood_cavern_becter,
          minivault_1, serial_park_tiny_pond, uniq_pikel
D:8:      layout_rooms, minmay_misc_feat_four_crosses, uniq_grum
D:9:      layout_irregular_city, serial_shops, shop,
          hangedman_abyss_or_decor_passed, dreamdust_gnoll_shepherd
D:10:     layout_loops_ring, special_room [special_room_kobold]
D:11:     layout_loops_ring, due_lair_maze_entry_diamond, nzn_sisyphean_effort
D:12:     layout_rooms, minmay_orc_entry_guard_dogs
Temple:   minmay_temple_bridge_d

Skill      XL: |  1  2  3  4  5  6  7  8  9 10 11 12 |
---------------+-------------------------------------+-----
Dodging        | 3 4 5 6 7 8 |  8.7
Maces & Flails | 3 4 5 6 7 8 9 |  9.8
Armour         | 1 2 3 4 |  4.5
Fighting       | 3 4 5 6 7 8 9 |  9.8
Stealth        | 1 2 3 4 |  4.4
Shields        | 2 4 6 7 |  7.9
Throwing       | 2 3 |  3.2

Action                   |  1- 3 |  4- 6 |  7- 9 | 10-12 || total
-------------------------+-------+-------+-------+-------++-------
Melee: Flail             |   101 |   246 |    81 |       ||   428
       Kick              |    21 |    61 |    36 |       ||   118
       Punch             |     1 |     4 |     2 |       ||     7
       Whip              |       |       |   393 |   788 ||  1181
Throw: Throwing net      |     1 |       |     6 |     2 ||     9
       Boomerang         |       |       |       |    39 ||    39
       Javelin           |       |       |       |     2 ||     2
Invok: Whirlwind         |       |       |     9 |    29 ||    38
  Use: Scroll            |     6 |     9 |     5 |    10 ||    30
       Potion            |       |     2 |     6 |     3 ||    11
 Stab: Sleeping          |     1 |     2 |     9 |     8 ||    20
       Distracted        |       |       |     2 |     1 ||     3
Armor: Leather armour    |    37 |   157 |   105 |    92 ||   391
       Skin              |       |       |       |    13 ||    13
Dodge: Dodged            |    84 |   318 |   352 |   405 ||  1159
Block: Kite shield       |       |       |   227 |   461 ||   688
       Reflection        |       |       |       |     7 ||     7

Table legend: (Time is in decaauts)
 A = Elapsed time spent in this place.
 B = Non-inter-level travel time spent in this place.
 C = Inter-level travel time spent in this place.
 D = Time resting spent in this place.
 E = Time spent auto-exploring this place.
 F = Levels seen in this place.
 G = Mean time per level.
                   A        B        C        D        E       F      G
               +--------+--------+--------+--------+--------+-----+--------+
         Total |  17965 |  17338 |    627 |      0 |  14442 |  14 | 1283.2 |
       Dungeon |  16148 |  15628 |    520 |      0 |  13055 |  12 | 1345.7 |
        Temple |    169 |     62 |    107 |      0 |     57 |   1 |  169.0 |
         Sewer |   1647 |   1647 |      0 |      0 |   1329 |   1 | 1647.0 |
               +--------+--------+--------+--------+--------+-----+--------+

Top non-repeatable levels by time:
     D:4: 1869 daAuts
     D:9: 1847 daAuts
     D:5: 1677 daAuts
     D:1: 1669 daAuts
   Sewer: 1647 daAuts
     D:8: 1606 daAuts
    D:11: 1535 daAuts
    D:10: 1358 daAuts
     D:7: 1354 daAuts
     D:6: 1315 daAuts
     D:3: 885 daAuts
     D:2: 654 daAuts
    D:12: 375 daAuts
  Temple: 169 daAuts
